 Dungeon Crawl Stone Soup version 0.22-a0-284-g99d1f74 (webtiles) character file.

115 grindst0ne the Magician (level 4, -4/24 HPs)
             Began as a Deep Elf Earth Elementalist on Mar 21, 2018.
             Killed by divine providence
             ... invoked by an orc priest
              (10 damage)
             ... on level 3 of the Dungeon.
             The game lasted 00:04:55 (1784 turns).

grindst0ne the Magician (DEEE)                      Turns: 1784, Time: 00:04:56

Health: -4/24      AC:  2    Str:  5    XL:     4   Next: 68%
Magic:  1/12       EV: 13    Int: 21    God:
Gold:   118        SH:  0    Dex: 15    Spells: 6/12 levels left

rFire    . . .     SeeInvis .   k - +1 dagger (protect)
rCold    . . .     Gourm    .   (no shield)
rNeg     . . .     Faith    .   c - +0 robe
rPois    .         Spirit   .   (no helmet)
rElec    .         Reflect  .   (no cloak)
rCorr    .         Harm     .   (no gloves)
MR       +....                  (no boots)
Stlth    ++........             (no amulet)
HPRegen  0.08/turn              l - ring of protection from magic
MPRegen  0.13/turn              (no ring)

@: very slightly contaminated
A: no striking features
a: no special abilities


You were on level 3 of the Dungeon.
You were not hungry.

You visited 1 branch of the dungeon, and saw 3 of its levels.

You collected 118 gold pieces.

Inventory:

Hand Weapons
 g - a +0 mace
 k - a +1 dagger of protection (weapon)
Missiles
 b - 95 stones (quivered)
Armour
 c - a +0 robe (worn)
Jewellery
 f - an uncursed ring of fire
 l - a ring of protection from magic (left hand)
Scrolls
 j - 2 scrolls of remove curse
 n - a scroll of blinking {unknown}
 o - 2 scrolls of teleportation {unknown}
 p - a scroll of enchant armour {unknown}
 r - a scroll of enchant weapon {unknown}
 s - a scroll of identify
Potions
 a - a potion of mutation
 e - a potion of flight {unknown}
 i - a potion of cancellation {unknown}
 m - a potion of curing {unknown}
 q - a potion of berserk rage {unknown}
 t - a potion of lignification {unknown}
Comestibles
 d - 4 rations


   Skills:
 - Level 2.4 Dodging
 - Level 2.4 Stealth
 + Level 4.6 Spellcasting
 + Level 1.5 Conjurations
 - Level 2.0 Transmutations
 + Level 4.5 Earth Magic


You had 6 spell levels left.
You knew the following spells:

 Your Spells              Type           Power        Failure   Level  Hunger
a - Sandblast             Erth           ###...       1%          1    None
b - Passwall              Tmut/Erth      ###.......   4%          2    #......
c - Stone Arrow           Conj/Erth      ###...       10%         3    ##.....


Dungeon Overview and Level Annotations

Branches:
Dungeon (3/15)

Altars:
Wu Jian


Message History

Press: ? - help, Shift-Dir - straight line, f/p - orc
Aim: an orc, wielding a trident and wearing a leather armour (lightly wounded)
The stone arrow misses the orc.
The orc closely misses you.
Casting: Stone Arrow (safe; 10% risk of failure)
Confirm with . or Enter, or press ? or * to list all spells.
Aiming: Stone Arrow (safe; 10% risk of failure)
Press: ? - help, Shift-Dir - straight line, f/p - orc
Aim: an orc, wielding a trident and wearing a leather armour (lightly wounded)
You miscast Stone Arrow.
You are very lightly contaminated with residual magic.
Nothing appears to happen.
The orc hits you from afar with a trident!
* * * LOW HITPOINT WARNING * * *
Casting: Stone Arrow (safe; 10% risk of failure)
Confirm with . or Enter, or press ? or * to list all spells.
Which direction?
This rock feels extremely deep.
The orc priest mumbles some strange prayers to Beogh against you.
Beogh smites you!
You die...

....... #..
....... ...
....... #÷#
....... #)#
.......##.####.###
......†..oo.......
.......###o###.###
####### #.# #@#
#.# #.# #.# #.#
... #.# #.#


You could see an orc priest and 2 orcs.

Vanquished Creatures
  3 gnolls (D:3)
  2 adders
  A dart slug (D:1)
  3 leopard geckos
  An orc (D:3)
  A ball python (D:2)
  5 bats (D:2)
  A giant cockroach (D:2)
  8 goblins
  7 hobgoblins
  3 jackals
  12 kobolds
  4 frilled lizards
  12 rats
63 creatures vanquished.

Notes
Turn   | Place    | Note
-------+----------+-------------------------------------------
     0 | D:1      | grindst0ne the Deep Elf Earth Elementalist began the quest for the Orb.
     0 | D:1      | Reached XP level 1. HP: 10/10 MP: 6/6
   117 | D:1      | Reached XP level 2. HP: 15/15 MP: 5/8
   516 | D:1      | Learned a level 2 spell: Passwall
   739 | D:1      | Reached XP level 3. HP: 12/19 MP: 8/10
   873 | D:1      | Learned a level 3 spell: Stone Arrow
  1329 | D:2      | Found an ornate altar of the Wu Jian Council.
  1427 | D:2      | Reached XP level 4. HP: 24/24 MP: 10/12
  1481 | D:3      | Reached skill level 1 in Conjurations
  1784 | D:3      | Killed from afar by an orc priest

Vault maps used:
D:1:      dpeg_arrival_morbid_curiosity
D:2:      minmay_wonky_spiral, marbit_many_paths

Skill      XL: |  1  2  3  4 |
---------------+-------------+-----
Earth Magic    | 4 |  4.5
Spellcasting   | 4 |  4.6
Conjurations   | 1 |  1.5
Transmutations | 2 |  2.0
Dodging        | |  2.4
Stealth        | |  2.4

Action                   |  1- 3 |  4- 6 || total
-------------------------+-------+-------++-------
Melee: Unarmed           |     3 |       ||     3
       Dagger            |    17 |     5 ||    22
 Cast: Sandblast         |    68 |     4 ||    72
       Stone Arrow       |       |    12 ||    12
       Passwall          |       |     1 ||     1
  Use: Scroll            |     2 |       ||     2
 Stab: Sleeping          |     1 |       ||     1
  Eat: Chunk             |     1 |       ||     1
       Ration            |       |     1 ||     1
Armor: Robe              |     3 |     2 ||     5
Dodge: Dodged            |    43 |    10 ||    53

Table legend:
 A = Spawn XP
 B = Non-spawn XP
 C = Spawn XP percentage of total XP
 D = Spawn monster count
 E = Non-spawn monster count
 F = Spawn count percentage of total count
 G = Total turns spent on level
                    A         B        C        D         E        F      G
               +---------+---------+-------+---------+---------+-------+---------
         Total |       0 |     165 |   0.0 |       0 |      63 |   0.0 |  1784
               +---------+---------+-------+---------+---------+-------+---------
           D:1 |       0 |      46 |   0.0 |       0 |      28 |   0.0 |   942
           D:2 |       0 |      55 |   0.0 |       0 |      27 |   0.0 |   805
           D:3 |       0 |      64 |   0.0 |       0 |       8 |   0.0 |    37
               +---------+---------+-------+---------+---------+-------+---------
